 Dungeon Crawl Stone Soup version 0.30-a0-1074-g5db6f66fbb (webtiles) character file.

Game seed: 18088680830943843532

11358 NinjaNoafa the Skirmisher (level 11, -4/80 HPs)
             Began as a Barachi Hunter on Apr 13, 2023.
             Was a Follower of Uskayaw.
             Slain by a black mamba (8 damage)
             ... on level 1 of the Lair of Beasts.
             The game lasted 00:24:46 (8844 turns).

NinjaNoafa the Skirmisher (Barachi Hunter)          Turns: 8844, Time: 00:24:46

Health: -4/80      AC: 13    Str: 19    XL:     11   Next: 76%
Magic:  17/17      EV: 14    Int: 10    God:    Uskayaw [*.....]
Gold:   564        SH:  0    Dex: 19    Spells: 14/18 levels left

rFire   + . .      SeeInvis .    b - +7 arbalest (flame)
rCold   . . .      Faith    .    (shield currently unavailable)
rNeg    . . .      Spirit   .    c - +1 leather armour
rPois   .          Reflect  .    l - +2 helmet
rElec   .          Rampage  .    n - +1 cloak
rCorr   .                        m - +2 pair of gloves
Will    .....                    (no boots)
Stlth   ++                       (no amulet)
HPRegen 0.33/turn                o - ring of protection from fire
MPRegen 0.15/turn                u - +6 ring of strength

@: wereblooded (expiring), studying 3 skills, slow
A: amphibious, slowness 1, strong legs 1, +LOS
a: Hop, Renounce Religion, Stomp


You were on level 1 of the Lair of Beasts.
You worshipped Uskayaw.
Uskayaw was noncommittal.
You visited 3 branches of the dungeon, and saw 12 of its levels.
You also visited: Sewer and Bailey.

You collected 766 gold pieces.
You spent 202 gold pieces at shops.

Inventory:

Hand Weapons
 a - a +5 triple crossbow of freezing
 b - a +7 arbalest of flaming (weapon)
Missiles
 i - 10 atropa-tipped darts
 K - 2 boomerangs
Armour
 c - a +1 leather armour (worn)
 l - a +2 helmet (worn)
 m - a +2 pair of gloves (worn)
 n - a +1 cloak (worn)
Jewellery
 o - a ring of protection from fire (left hand)
 p - a +6 ring of dexterity
 u - a +6 ring of strength (right hand)
Wands
 d - a wand of polymorph (2)
 q - a wand of digging (11)
 t - a wand of flame (29)
 w - a wand of paralysis (9)
 x - a wand of iceblast (3)
 B - a wand of quicksilver (19)
Scrolls
 f - 3 scrolls of noise {unknown}
 g - 4 scrolls of vulnerability
 h - a scroll of blinking {unknown}
 r - a scroll of fog
 s - 2 scrolls of amnesia
 v - a scroll of silence
 y - a scroll of fear {unknown}
 D - a scroll of poison {unknown}
 I - a scroll of teleportation {unknown}
Potions
 e - a potion of attraction {unknown}
 j - a potion of might
 k - a potion of magic {unknown}
 z - 2 potions of berserk rage
 A - a potion of resistance {unknown}
 C - 2 potions of curing
 E - 2 potions of mutation
 F - a potion of haste
 G - 2 potions of brilliance
 H - a potion of lignification {unknown}
 J - 2 potions of degeneration {unknown}


   Skills:
 + Level 5.4 Fighting
 + Level 12.1 Ranged Weapons
 - Level 4.0 Armour
 + Level 5.1 Dodging
 - Level 0.8 Stealth
 - Level 4.0 Spellcasting
 - Level 7.0 Translocations
 - Level 8.0 Transmutations
 + Level 5.3 Invocations
 + Level 3.0 Evocations


You had 14 spell levels left.
You knew the following spells:

 Your Spells              Type           Power      Damage    Failure   Level
a - Blink                 Tloc           32%        N/A       2%          2
b - Wereblood             Tmut           18%        N/A       1%          2

Your spell library contained the following spells:

 Spells                   Type           Power      Damage    Failure   Level
 Beastly Appendage        Tmut           36%        N/A       1%          1
 Sting                    Tmut/Pois      40%        1d5       5%          1
 Manifold Assault         Tloc           16%        N/A       16%         4
 Spider Form              Tmut/Pois      10%        N/A       17%         3
 Magic Dart               Conj           8%         1d3       28%         1
 Poisonous Vapours        Pois/Air       4%         N/A       41%         2
 Searing Ray              Conj           4%         2d4       41%         2
 Fulminant Prism          Conj/Hex       1%         3d5       96%         4
 Olgreb's Toxic Radiance  Pois           2%         N/A       96%         4
 Storm Form               Tmut/Air       5%         N/A       100%        7


Dungeon Overview and Level Annotations

Branches:
Dungeon (10/15)            Temple (1/1) D:5            Lair (1/5) D:8
    Orc (0/2) D:9           Sewer (visited)          Bailey (visited)

Altars:
Ashenzari
Cheibriados
Dithmenos
Elyvilon
Fedhas
Gozag
Hepliaklqana
Kikubaaqudgha
Makhleb
Nemelex Xobeh
Okawaru
Qazlal
Ru
Sif Muna
Trog
Uskayaw
Vehumet
Wu Jian
Xom
Yredelemnul
Zin
The Shining One

Shops:
D:4 (

Annotations:
Lair:1 Harold


Innate Abilities, Weirdness & Mutations

You are amphibious.
You cover ground slowly.
You can hop short distances.
You have an extended range of vision and can be seen from far away.


Message History

The harpoon shot hits you but does no damage.
You shoot a bolt. The bolt hits Harold!
The bolt burns Harold.
Harold is moderately wounded.
You shoot a bolt. The bolt barely misses the black mamba.
You shoot a bolt. The bolt hits the black mamba!
The bolt burns the black mamba.
The black mamba is heavily wounded.
The black mamba barely misses you. x2; Harold throws a throwing net.
The throwing net hits you.
You become entangled in the net!
The black mamba barely misses you.
You can now pass through a line of other dancers.
You cannot shoot with your arbalest while held in a net.
You struggle against the net.
The black mamba bites you but does no damage. x2
Harold fires a harpoon shot at you.
The harpoon shot hits you but does no damage.
You struggle against the net.
The black mamba bites you but does no damage.
You struggle against the net.
The black mamba barely misses you. x2
Harold hits you with a +0 morningstar!
You struggle against the net.
The black mamba bites you but does no damage.
The black mamba barely misses you. Harold hits you with a +0 morningstar!!
You struggle against the net.
The black mamba bites you!
* * * LOW HITPOINT WARNING * * *
The black mamba bites you.
* * * LOW HITPOINT WARNING * * *
Harold hits you with a +0 morningstar.
* * * LOW HITPOINT WARNING * * *
You rip the net and break free!
Your primal bloodlust is almost over.
The black mamba completely misses you. The black mamba bites you!
* * * LOW HITPOINT WARNING * * *
Harold hits you with a +0 morningstar!
* * * LOW HITPOINT WARNING * * *
You can no longer pass through a line of other dancers.
Do you really want to go berserk while wielding your +7 arbalest of flaming?
Okay, then.
The black mamba bites you!
You die...

##... ......... ..... .##
#......# ...... ..##
#.....## ...... ..##
#....... ....... ###..#
#....... .......###.#.##
#....... #....@......##
#.....##
#.....S......####...####
#.....##@......#.....###.
......
#P..(..#.......#..# .....
##....#..###..###.. ....
#...###.##..## ### ...
#..## #.##### #. #### ..#
# ###


You could see Harold and a black mamba.

Vanquished Creatures
  Joseph (D:10)
  A cane toad (D:8)
  A black mamba (Lair:1)
  A komodo dragon (D:8)
  A troll (D:10)
  4 blink frogs (Lair:1)
  Grinder (D:5)
  Sigmund (D:5)
  9 yaks
  Grum (Lair:1)
  2 steam dragons
  4 water moccasins
  15 orc warriors
  3 black bears
  2 ice beasts
  2 sky beasts
  2 ogres
  A wolf (D:8)
  2 centaurs
  2 phantoms (D:4)
  9 bullfrogs
  3 gnoll sergeants
  3 scorpions
  14 wights
  8 killer bees
  A howler monkey (D:5)
  2 bullfrog zombies (D:4)
  4 orc priests
  2 jellies
  A gnoll bouda (D:7)
  2 centaur skeletons (D:4)
  2 iguanas
  A scorpion zombie (D:4)
  A sleepcap (D:4)
  8 orc wizards
  A hound skeleton (D:4)
  8 adders
  16 gnolls
  2 shadow imps
  2 white imps
  An adder zombie (D:4)
  3 worms
  5 dart slugs
  27 orcs
  5 endoplasms
  3 giant cockroaches
  8 goblins
  7 hobgoblins
  A jackal (D:5)
  6 quokkas
  8 ball pythons
  5 bats
  4 frilled lizards
  11 kobolds
  3 rats
243 creatures vanquished.

Vanquished Creatures (collateral kills)
  An orc knight (Bailey)
  A komodo dragon (D:8)
  A yak (D:8)
  A black bear (D:8)
  3 wolves (D:8)
7 creatures vanquished.

Vanquished Creatures (others)
  A killer bee (D:8)
  51 fungi (D:8)
  48 plants (D:8)
  2 withered plants (D:4)
102 creatures vanquished.

Grand Total: 352 creatures vanquished

Notes
Turn   | Place    | Note
-------+----------+-------------------------------------------
     0 | D:1      | NinjaNoafa the Barachi Hunter began the quest for the Orb.
     0 | D:1      | Reached XP level 1. HP: 17/17 MP: 1/1
   122 | D:1      | Reached XP level 2. HP: 18/23 MP: 2/2
   489 | D:1      | Reached XP level 3. HP: 29/29 MP: 3/3
   877 | D:2      | Reached XP level 4. HP: 35/35 MP: 4/4
  1665 | D:3      | Found a shadowy altar of Dithmenos.
  1935 | D:3      | Found a snail-covered altar of Cheibriados.
  2064 | D:4      | Found a glowing golden altar of the Shining One.
  2065 | D:4      | Noticed an angel
  2071 | D:4      | Found a basalt altar of Yredelemnul.
  2072 | D:4      | Noticed a profane servitor
  2183 | D:4      | Noticed a scorpion
  2205 | D:4      | Found Okkeq's Antique Weapon Shoppe.
  2220 | D:4      | Killed a scorpion
  2221 | D:4      | Reached skill level 5 in Ranged Weapons
  2221 | D:4      | Reached XP level 5. HP: 30/42 MP: 5/5
  2238 | D:4      | Bought a runed arbalest for 202 gold pieces
  2301 | D:4      | Noticed a phantom
  2304 | D:4      | Killed a phantom
  2308 | D:4      | Reached XP level 6. HP: 42/48 MP: 6/6
  2312 | D:4      | Reached skill level 6 in Ranged Weapons
  2526 | D:4      | Reached skill level 7 in Ranged Weapons
  2526 | D:4      | Reached XP level 7. HP: 47/54 MP: 7/7
  2843 | D:5      | Entered Level 5 of the Dungeon
  2916 | D:5      | Reached skill level 8 in Ranged Weapons
  3241 | D:5      | Noticed Sigmund
  3259 | D:5      | Killed Sigmund
  3260 | D:5      | Reached skill level 1 in Spellcasting
  3260 | D:5      | Reached skill level 1 in Translocations
  3260 | D:5      | Reached XP level 8. HP: 40/60 MP: 7/10
  3349 | D:5      | Noticed Grinder
  3353 | D:5      | Paralysed by Grinder for 5 turns
  3362 | D:5      | Killed Grinder
  3439 | D:5      | Found a staircase to the Ecumenical Temple.
  3637 | Temple   | Entered the Ecumenical Temple
  3824 | D:6      | Found a stormy altar of Qazlal.
  4003 | D:6      | Reached skill level 9 in Ranged Weapons
  4004 | D:6      | Found a white marble altar of Elyvilon.
  4153 | D:6      | Found a glowing drain.
  4162 | D:6      | Learned a level 2 spell: Blink
  4170 | Sewer    | Entered a sewer
  4192 | Sewer    | Reached skill level 5 in Translocations
  4192 | Sewer    | Reached XP level 9. HP: 65/65 MP: 13/13
  4475 | D:6      | Found a burning altar of Makhleb.
  4475 | D:6      | Found a hide-covered altar of Uskayaw.
  4483 | D:6      | Found an ancient bone altar of Kikubaaqudgha.
  4485 | D:6      | Found a faded altar of an unknown god.
  4487 | D:6      | Found a shimmering blue altar of Sif Muna.
  4497 | D:6      | Became a worshipper of Uskayaw the Reveller
  4578 | D:7      | Reached * piety under Uskayaw
  4580 | D:7      | Reached skill level 1 in Transmutations
  4724 | D:7      | Reached ** piety under Uskayaw
  4728 | D:7      | Reached *** piety under Uskayaw
  4754 | D:7      | You fall into a shaft and drop 2 floors!
  4884 | D:8      | Reached skill level 10 in Ranged Weapons
  4971 | D:8      | Learned a level 2 spell: Wereblood
  5068 | D:8      | Found a flagged portal.
  5086 | Bailey   | Entered a bailey
  5102 | Bailey   | Reached **** piety under Uskayaw
  5120 | Bailey   | Reached skill level 5 in Transmutations
  5244 | Bailey   | Reached XP level 10. HP: 55/71 MP: 12/14
  5256 | Bailey   | Reached skill level 11 in Ranged Weapons
  5269 | Bailey   | Noticed an orc knight
  5288 | Bailey   | Killed an orc knight
  5594 | D:8      | Reached skill level 1 in Armour
  5595 | D:8      | Reached skill level 1 in Invocations
  5595 | D:8      | Reached skill level 1 in Evocations
  5658 | D:7      | Reached ***** piety under Uskayaw
  6030 | D:7      | Found an opulent altar of Gozag.
  6245 | D:8      | Found a staircase to the Lair.
  6273 | D:8      | HP: 1/73 [yak (10)]
  6308 | D:8      | Reached XP level 11. HP: 6/78 MP: 17/17
  7177 | D:9      | Found a staircase to the Orcish Mines.
  7189 | D:8      | Reached skill level 12 in Ranged Weapons
  7628 | D:9      | Reached skill level 5 in Fighting
  7836 | D:10     | Entered Level 10 of the Dungeon
  7906 | D:10     | Noticed Joseph
  7914 | D:10     | Killed Joseph
  7915 | D:10     | Reached skill level 5 in Dodging
  8109 | Lair:1   | Entered Level 1 of the Lair of Beasts
  8109 | Lair:1   | Noticed Grum
  8435 | Lair:1   | Killed Grum
  8509 | Lair:1   | Reached skill level 5 in Invocations
  8828 | Lair:1   | Noticed Harold
  8843 | Lair:1   | HP: 4/80 [Harold/+0 morningstar (11)]
  8844 | Lair:1   | Slain by a black mamba

Illustrated notes

Levels and vault maps discovered:
D:1:      dpeg_arrival_round_b, layout_basic
D:2:      layout_loops_ring
D:3:      layout_loops_ring, mainiacjoe_overflow_concentric_impassable,
          slow_altar_2
D:4:      layout_loops_corners, grunt_temple_overflow_holy_war, serial_undead,
          serial_undead_b, serial_undead_c, serial_undead_c, serial_undead_c,
          hangedman_decor_clover_reticule, minivault_4, kennysheep_windowed_goal
D:5:      layout_basic, minmay_temple_entry_antechambers,
          nicolae_kite_square_tiling_tiny, minmay_manual_mess, uniq_grinder,
          uniq_sigmund
D:6:      layout_loops_ring, mainiacjoe_overflow_cross_hatched,
          chequers_temple_overflow_minitemple, grunt_qazlal_clouds,
          cheibrodos_sewer_entry_bend, minmay_statues_item,
          dreamdust_princess_bridge
D:7:      layout_loops_corners, nicolae_gozag_cash_rules_everything_around_me
D:8:      layout_layer_cave, due_lair_maze_entry_diamond, enter_bailey_3
D:9:      layout_loops_cross, orc_david_3, kennysheep_generic_room_6
D:10:     layout_gridville, enter_trove_6, minivault_28, uniq_joseph
Temple:   nicolae_temple_ecumenical_triangle
Lair:1:   layout_layer_cave, chequers_serial_rivers_marsh, uniq_grum,
          uniq_harold

Skill      XL: |  1  2  3  4  5  6  7  8  9 10 11 |
---------------+----------------------------------+-----
Fighting       | 3 4 5 |  5.4
Dodging        | 3 4 5 |  5.1
Ranged Weapons | 5 7 8 9 10 11 12 | 12.1
Spellcasting   | 1 3 4 |  4.0
Translocations | 1 5 6 7 |  7.0
Transmutations | 5 7 8 |  8.0
Armour         | 4 |  4.0
Invocations    | 1 5 |  5.3
Evocations     | 1 3 |  3.0
Stealth        | |  0.8

Action                     |  1- 3 |  4- 6 |  7- 9 | 10-12 || total
---------------------------+-------+-------+-------+-------++-------
  Melee: Triple crossbow   |       |       |       |     4 ||     4
   Fire: Shortbow          |    76 |    65 |       |       ||   141
         Arbalest          |       |    32 |   153 |    95 ||   280
         Triple crossbow   |       |       |       |   122 ||   122
   Cast: Wereblood         |       |       |     2 |    16 ||    18
         Blink             |       |       |       |     1 ||     1
 Invoke: Stomp             |       |       |       |     2 ||     2
         Line Pass         |       |       |       |     1 ||     1
Ability: Hop               |     1 |     1 |     5 |     4 ||    11
  Evoke: Wand              |       |       |     1 |     3 ||     4
    Use: Scroll            |       |       |    17 |    11 ||    28
         Potion            |       |       |     2 |    10 ||    12
 Armour: Leather armour    |     5 |    16 |    23 |   104 ||   148
  Dodge: Dodged            |    27 |    67 |    71 |   217 ||   382

Table legend: (Time is in decaauts)
 A = Elapsed time spent in this place.
 B = Non-inter-level travel time spent in this place.
 C = Inter-level travel time spent in this place.
 D = Time resting spent in this place.
 E = Time spent auto-exploring this place.
 F = Levels seen in this place.
 G = Mean time per level.
                   A        B        C        D        E       F      G
               +--------+--------+--------+--------+--------+-----+--------+
         Total |  10466 |   9814 |    652 |    935 |   6802 |  14 |  747.6 |
       Dungeon |   9419 |   8795 |    624 |    739 |   6354 |  10 |  941.9 |
        Temple |     78 |     70 |      8 |      0 |     34 |   1 |   78.0 |
          Lair |    346 |    327 |     19 |      0 |    232 |   1 |  346.0 |
         Sewer |     80 |     80 |      0 |      0 |     45 |   1 |   80.0 |
        Bailey |    540 |    540 |      0 |    196 |    135 |   1 |  540.0 |
               +--------+--------+--------+--------+--------+-----+--------+

Top non-repeatable levels by time:
     D:8: 1820 daAuts
     D:7: 1186 daAuts
     D:5: 1075 daAuts
     D:4: 1063 daAuts
     D:2: 887 daAuts
     D:6: 851 daAuts
     D:9: 811 daAuts
     D:1: 783 daAuts
     D:3: 691 daAuts
  Bailey: 540 daAuts
  Lair:1: 346 daAuts
    D:10: 248 daAuts
   Sewer: 80 daAuts
  Temple: 78 daAuts
